 Dungeon Crawl Stone Soup version 0.30-a0-726-gd89dcf765f (webtiles) character file.

Game seed: 234579063986054825

123 timneilson the Shield-Bearer (level 5, -14/33 HPs)
             Began as a Gargoyle Fighter on Jan 29, 2023.
             Demolished by an ogre
             ... wielding a +0 giant club
              (27 damage)
             ... on level 3 of the Dungeon.
             The game lasted 00:02:34 (1934 turns).

timneilson the Shield-Bearer (Gargoyle Fighter)     Turns: 1934, Time: 00:02:34

Health: -14/33     AC: 14    Str: 21    XL:     5   Next: 7%
Magic:  5/5        EV:  7    Int:  9    God:
Gold:   107        SH:  4    Dex:  9    Spells: 4/4 levels left

rFire   . . .      SeeInvis .    a - +0 long sword
rCold   . . .      Faith    .    c - +0 buckler
rNeg    + + .      Spirit   .    n - +0 chain mail
rPois   ∞          Reflect  .    (no helmet)
rElec   +          Harm     .    g - +0 cloak
rCorr   .          Rampage  .    (no gloves)
Will    .....                    (no boots) Stlth
                                 (no amulet)
HPRegen 0.25/turn                h - ring of positive energy
MPRegen 0.09/turn                (no ring)

@: mighty
A: sickness immunity, AC +4, negative energy resistance 1, electricity
resistance, torment resistance 1, petrification resistance
a: no special abilities


You were on level 3 of the Dungeon.
You visited 1 branch of the dungeon, and saw 3 of its levels.

You collected 107 gold pieces.

Inventory:

Hand Weapons
 a - a +0 long sword (weapon)
Armour
 c - a +0 buckler (worn)
 g - a +0 cloak (worn)
 n - a +0 chain mail (worn)
Jewellery
 h - a ring of positive energy (left hand)
 o - a +4 ring of protection
Scrolls
 m - a scroll of teleportation
Potions
 e - 2 potions of heal wounds
 i - a potion of mutation
 j - a potion of curing
 k - a potion of magic {unknown}
 l - a potion of invisibility {unknown}


   Skills:
 + Level 3.8 Fighting
 * Level 2.6 Long Blades
 * Level 4.1 Armour
 + Level 0.9 Dodging
 * Level 4.2 Shields


You had 4 spell levels left.
You didn't know any spells.
Your spell library was empty.

Dungeon Overview and Level Annotations

Branches:
Dungeon (3/15)

Altars:


Innate Abilities, Weirdness & Mutations

You are immune to sickness and miasma.
Your stone body is resilient. (AC +4)
You are immune to poison.
You resist negative energy. (rN+)
You are resistant to electric shocks. (rElec)
You are resistant to unholy torment.
You are immune to petrification.


Message History

No target in view!
No target in view!
No target in view!
No target in view!
Found a dagger.
A kobold comes into view. It is wielding a +0 dagger.
Found a leather armour and a whip.
The kobold moves out of view.
The kobold hits you but does no damage.
You slash the kobold!
You kill the kobold!
No target in view!
No target in view!
No target in view!
No target in view!
No target in view!
No target in view!
No target in view!
No target in view!
No target in view!
No target in view!
No target in view!
An ogre comes into view. It is wielding a +0 giant club.
Found a scroll labelled ILAGET KADEOLI.
You feel very mighty all of a sudden.
You slash the ogre!
The ogre is moderately wounded.
The ogre barely misses you.
You slash the ogre!
The ogre is heavily wounded.
The ogre hits you with a +0 giant club!
You slash the ogre!
The ogre is almost dead.
The ogre hits you with a +0 giant club!
You barely miss the ogre.
The ogre is almost dead.
You barely miss the ogre.
The ogre is almost dead.
The ogre hits you with a +0 giant club!!
Ouch! That really hurt!
You die...

###.###...........
###.###.##.#.....
........##.# ... .
..########.# . ..
...........### ...
########.#...### .... #
...#.....# ..... #
)....#...#.###[.)..? .
..............@O.....#
####.....#####.#######..
#.....#..)..#
#...........#
...##.....# #.....#
#.....# #######


You could see an ogre.

Vanquished Creatures
  An orc priest (D:3)
  4 adders (D:2)
  A worm (D:2)
  A dart slug (D:2)
  4 orcs
  2 ball pythons (D:2)
  2 endoplasms (D:2)
  3 giant cockroaches
  3 goblins
  8 hobgoblins
  6 bats
  A frilled lizard (D:1)
  6 kobolds
  7 rats
49 creatures vanquished.

Notes
Turn   | Place    | Note
-------+----------+-------------------------------------------
     0 | D:1      | timneilson the Gargoyle Fighter began the quest for the
                  | Orb.
     0 | D:1      | Reached XP level 1. HP: 14/14 MP: 1/1
   130 | D:1      | Reached XP level 2. HP: 18/19 MP: 2/2
   353 | D:1      | Found a faded altar of an unknown god.
   927 | D:2      | Reached XP level 3. HP: 8/23 MP: 3/3
  1472 | D:2      | Reached XP level 4. HP: 28/28 MP: 4/4
  1871 | D:3      | Reached XP level 5. HP: 30/33 MP: 5/5
  1924 | D:3      | Noticed an ogre
  1934 | D:3      | Demolished by an ogre

Illustrated notes

Levels and vault maps discovered:
D:1:      grunt_arrival_crossed_arrows, layout_basic,
          shapermc_ecumenical_altar_pompeii
D:2:      layout_basic, minmay_distorted
D:3:      layout_basic, serial_shops, nicolae_diamond_shop,
          uniq_crazy_yiuf_cottage

Skill      XL: |  1  2  3  4 |
---------------+-------------+-----
Long Blades    | 2 |  2.6
Shields        | 4 |  4.2
Armour         | 4 |  4.1
Fighting       | |  3.8
Dodging        | |  0.9

Action                     |  1- 3 |  4- 6 || total
---------------------------+-------+-------++-------
  Melee: Long sword        |   173 |    57 ||   230
    Use: Scroll            |     3 |     3 ||     6
         Potion            |       |     1 ||     1
 Armour: Scale mail        |   116 |       ||   116
         Chain mail        |       |    51 ||    51
  Dodge: Dodged            |   115 |    29 ||   144
  Block: Buckler           |    38 |    22 ||    60

Table legend: (Time is in decaauts)
 A = Elapsed time spent in this place.
 B = Non-inter-level travel time spent in this place.
 C = Inter-level travel time spent in this place.
 D = Time resting spent in this place.
 E = Time spent auto-exploring this place.
 F = Levels seen in this place.
 G = Mean time per level.
                   A        B        C        D        E       F      G
               +--------+--------+--------+--------+--------+-----+--------+
         Total |   2012 |   1941 |     71 |     91 |   1331 |   3 |  670.7 |
       Dungeon |   2012 |   1941 |     71 |     91 |   1331 |   3 |  670.7 |
               +--------+--------+--------+--------+--------+-----+--------+

Top non-repeatable levels by time:
     D:2: 1089 daAuts
     D:1: 807 daAuts
     D:3: 115 daAuts
